 Dungeon Crawl Stone Soup version 0.31-a0-233-g139696dc86 (webtiles) character file.

Game seed: 5012017736391166792

780 Midn8 the Conjurer (level 7, 0/46 HPs)
             Began as an Octopode Conjurer on July 9, 2023.
             Was an Initiate of Yredelemnul.
             Slain by Dowan
             ... wielding a +0 dagger
              (3 damage)
             ... on level 5 of the Dungeon.
             The game lasted 00:13:45 (5242 turns).

Midn8 the Conjurer (Octopode Conjurer)              Turns: 5242, Time: 00:13:47

Health: 0/46       AC:  1    Str:  6    XL:     7   Next: 85%
Magic:  1/13       EV: 13    Int: 22    God:    Yredelemnul [......]
Gold:   233        SH:  5    Dex: 11    Spells: 11/14 levels left

rFire   . . .        n - +3 quarterstaff (chaos)
rCold   . . .        (shield currently unavailable)
rNeg    + . .        (helmet restricted)
rPois   .            b - amulet of reflection
rElec   .            f - ring of resist corrosion
rCorr   +            o - ring of positive energy
SInv    .            (no ring)
Will    .....        (no ring)
Stlth   +++          (no ring)
HPRegen 0.27/turn    (no ring)
MPRegen 0.13/turn    (no ring)
                     (no ring)

%: reflection
@: no status effects
A: almost no armour, amphibious, 8 rings, camouflage 1, gelatinous body 1,
(nimble swimmer 1), tentacles
a: Renounce Religion, Recall Undead Harvest


You were on level 5 of the Dungeon.
You worshipped Yredelemnul.
Yredelemnul was noncommittal.
You visited 1 branch of the dungeon, and saw 5 of its levels.

You collected 233 gold pieces.

Inventory:

Hand Weapons
 m - a +0 whip
 n - a +3 quarterstaff of chaos (weapon)
 t - a +0 quarterstaff
Missiles
 i - 11 poisoned darts
Jewellery
 b - an amulet of reflection (around mantle)
 f - a ring of resist corrosion (left tentacle)
 l - an amulet of guardian spirit
 o - a ring of positive energy (right tentacle)
Wands
 k - a wand of polymorph (10)
Scrolls
 h - a scroll of enchant weapon {unknown}
 j - 3 scrolls of torment {unknown}
 p - a scroll of teleportation
 u - a scroll of noise {unknown}
 v - 2 scrolls of fear {unknown}
 w - a scroll of identify {unknown}
Potions
 a - 2 potions of magic
 c - a potion of brilliance {unknown}
 d - a potion of heal wounds {unknown}
 e - 4 potions of lignification {unknown}
 g - 3 potions of might {unknown}
 q - a potion of resistance {unknown}
 r - a potion of ambrosia {unknown}
 s - a potion of attraction {unknown}
 x - a potion of degeneration {unknown}


   Skills:
 - Level 3.0 Fighting
 - Level 2.0 Dodging
 - Level 2.6 Stealth
 - Level 4.0 Spellcasting
 + Level 6.9 Conjurations
 - Level 4.0 Invocations


You had 11 spell levels left.
You knew the following spells:

 Your Spells              Type           Power      Damage    Failure   Level
a - Magic Dart            Conj           100%       1d8       1%          1
s - Searing Ray           Conj           68%        2d6       1%          2

Your spell library contained the following spells:

 Spells                   Type           Power      Damage    Failure   Level
 Dazzling Flash           Conj/Hex       38%        N/A       9%          3
 Fulminant Prism          Conj/Hex       9%         3d7       26%         4
 Iskenderun's Mystic Bla  Conj/Tloc      19%        2d6       26%         4
 Tukima's Dance           Hex            4%         N/A       32%         3
 Passage of Golubria      Tloc           4%         N/A       73%         4
 Yara's Violent Unravell  Hex/Tmut       2%         3d3       97%         5


Dungeon Overview and Level Annotations

Branches:
Dungeon (5/15)
 Temple: D:4-7

Altars:
Dithmenos
Ru
Trog
Yredelemnul

Annotations:
D:5 Dowan


Innate Abilities, Weirdness & Mutations

You cannot wear most types of armour.
You are amphibious.
You can wear up to eight rings at the same time.
Your skin changes colour to match your surroundings (Stealth+).
Your rubbery body absorbs attacks. (AC +1, EV +1)
((You are camouflaged when in or above water. (Stealth+)))
You have tentacles for arms and can constrict up to eight enemies at once.


Message History

The searing ray hits Duvessa!
Duvessa is heavily wounded. (Press . to maintain the ray.) Duvessa hits you with a +0 rapier.
The searing ray hits Duvessa.
Duvessa is severely wounded.
Duvessa hits you with a +0 rapier!
The searing ray hits Duvessa!
Duvessa is almost dead.
Duvessa hits you with a +0 rapier!
The searing ray hits Duvessa.
You kill Duvessa!
Dowan screams, "No!
Oh no!"
Dowan seems to find hidden reserves of power!
You finish channelling your searing ray.
The dead are walking!
Dowan barely misses you. You block Dowan's attack.
Unknown command.
You closely miss Dowan. Your grab misses Dowan. Your squeeze misses Dowan.
Dowan is lightly wounded.
Dowan hits you with a +0 dagger. Dowan closely misses you.
You hit Dowan. You freeze Dowan. You grab Dowan.
You squeeze Dowan, but do no damage.
Dowan is heavily wounded.
You constrict Dowan, but do no damage. Dowan hits you with a +0 dagger.
Duvessa hits Dowan.
Casting: Searing Ray (safe; 1% risk of failure)
Confirm with . or Enter, or press ? or * to list all spells.
Aiming: Searing Ray (safe; 1% risk of failure)
Press: ? - help, Shift-Dir - straight line, f - Dowan
Aim: Dowan, wielding a +0 dagger and wearing a +0 robe (heavily wounded, constricted by you, fast, ally target, 100% to hit)
The searing ray hits Dowan!
Dowan is almost dead. (Press . to maintain the ray.)
You constrict Dowan. Dowan casts a spell at you. The shard of ice hits you!!
* * * LOW HITPOINT WARNING * * *
Dowan hits you with a +0 dagger.
You die...
Your body rises from the dead as a mindless zombie.

... #. #.. . #..
##.#.# #..##..#.
###..##...
#....##..#.##.#
#####..#...#....#
.........e@)..#
#.......Z.##.#.
#.###..........
#.......#.# #
#.....#.#.#.# ##
#.....#(..)...... #
##.......#.##.#.#.#.#
#.##.##.#....#.#...##
#.##.................


You could see Dowan (fast, ally target) and the friendly Duvessa the elf zombie.

Vanquished Creatures
  Duvessa (D:5)
  An ice beast (D:5)
  An ogre (D:4)
  A phantom (D:5)
  A hound (D:5)
  Crazy Yiuf (D:2)
  Jessica (D:2)
  An orc wizard (D:3)
  Natasha (thrice) (D:2)
  6 gnolls
  6 adders
  An ufetubus (D:5)
  2 worms
  3 dart slugs
  10 orcs
  9 endoplasms
  5 giant cockroaches
  8 goblins
  11 hobgoblins
  4 kobolds
  3 quokkas
  6 ball pythons
  3 bats
  2 frilled lizards (D:2)
  8 rats
98 creatures vanquished.

Vanquished Creatures (collateral kills)
  A gnoll (D:4)
1 creature vanquished.

Vanquished Creatures (others)
  An ice beast zombie (D:5)
  A hobgoblin zombie (D:3)
  An orc zombie (D:4)
3 creatures vanquished.

Grand Total: 102 creatures vanquished

Notes
Turn   | Place    | Note
-------+----------+-------------------------------------------
     0 | D:1      | Midn8 the Octopode Conjurer began the quest for the Orb.
     0 | D:1      | Reached XP level 1. HP: 11/11 MP: 3/3
   140 | D:1      | Reached XP level 2. HP: 17/17 MP: 3/5
   600 | D:1      | Learned a level 2 spell: Searing Ray
   805 | D:1      | Reached XP level 3. HP: 21/21 MP: 4/7
  1151 | D:2      | Noticed Jessica
  1339 | D:2      | Reached XP level 4. HP: 27/27 MP: 5/9
  1381 | D:2      | Killed Jessica
  1666 | D:2      | Noticed Natasha
  1672 | D:2      | Killed Natasha
  1763 | D:2      | Reached XP level 5. HP: 31/31 MP: 8/11
  1823 | D:2      | Noticed Natasha
  1826 | D:2      | Killed Natasha
  1827 | D:2      | Reached skill level 5 in Conjurations
  1964 | D:2      | Noticed Natasha
  1969 | D:2      | Killed Natasha
  2369 | D:2      | Found a runed translucent door.
  2370 | D:2      | Noticed Crazy Yiuf
  2376 | D:2      | Killed Crazy Yiuf
  2377 | D:2      | Reached skill level 6 in Conjurations
  2377 | D:2      | Reached XP level 6. HP: 37/37 MP: 7/12
  2716 | D:3      | Reached skill level 1 in Fighting
  2849 | D:3      | Found a basalt altar of Yredelemnul.
  2889 | D:3      | Became a worshipper of Yredelemnul the Dark
  2923 | D:3      | Found a shadowy altar of Dithmenos.
  3067 | D:3      | You fall into a shaft and drop 1 floor!
  3111 | D:4      | Found a bloodstained altar of Trog.
  4129 | D:4      | Found a sacrificial altar of Ru.
  4234 | D:4      | Reached * piety under Yredelemnul
  4320 | D:4      | Reached XP level 7. HP: 46/46 MP: 3/13
  5008 | D:5      | Entered Level 5 of the Dungeon
  5222 | D:5      | Noticed Duvessa
  5225 | D:5      | Noticed Dowan
  5239 | D:5      | Killed Duvessa
  5242 | D:5      | Slain by Dowan

Illustrated notes

Levels and vault maps discovered:
D:1:      minmay_arrival_four_circles, layout_loops_cross, minmay_cut_off
D:2:      layout_loops_ring, minmay_misc_feat_nine_boxes,
          uniq_crazy_yiuf_cottage, uniq_jessica, uniq_natasha
D:3:      minmay_razor_zed, layout_loops_corners, yredelemnul_altar_generic,
          nicolae_dithmenos_shadow_blocks, serial_rivers,
          chequers_serial_rivers_large_a, chequers_serial_rivers_small_a,
          chequers_serial_rivers_micro_e, chequers_serial_rivers_large_b
D:4:      layout_basic, mainiacjoe_overflow_surrounded_room, lemuel_tele_altar,
          grunt_decor_mini_mirrors, columned_hall_lemuel
D:5:      layout_basic, lemuel_round_altar, minmay_temple_entry_ruins,
          ebering_ghost_rock_garden, minmay_ruined_shrine, uniq_duvessa

Skill      XL: |  1  2  3  4  5  6  7 |
---------------+----------------------+-----
Spellcasting   | 3 4 |  4.0
Conjurations   | 6 |  6.9
Fighting       | 3 |  3.0
Invocations    | 2 4 |  4.0
Dodging        | |  2.0
Stealth        | |  2.6

Action                     |  1- 3 |  4- 6 |  7- 9 || total
---------------------------+-------+-------+-------++-------
  Melee: Unarmed           |    12 |       |       ||    12
         Tentacles         |     5 |       |     1 ||     6
         Constrict         |     4 |     2 |     1 ||     7
         Punch             |     1 |       |     1 ||     2
         Quarterstaff      |       |     8 |     8 ||    16
   Cast: Magic Dart        |    36 |    82 |    18 ||   136
         Searing Ray       |     4 |    17 |    11 ||    32
    Use: Scroll            |     5 |       |       ||     5
 Armour: Skin              |     1 |       |     1 ||     2
  Dodge: Dodged            |    16 |     3 |     5 ||    24
  Block: Other             |     1 |     3 |     4 ||     8
         Reflection        |       |     1 |     1 ||     2

Table legend: (Time is in decaauts)
 A = Elapsed time spent in this place.
 B = Non-inter-level travel time spent in this place.
 C = Inter-level travel time spent in this place.
 D = Time resting spent in this place.
 E = Time spent auto-exploring this place.
 F = Levels seen in this place.
 G = Mean time per level.
                   A        B        C        D        E       F      G
               +--------+--------+--------+--------+--------+-----+--------+
         Total |   5444 |   5020 |    424 |   1825 |   2608 |   5 | 1088.8 |
       Dungeon |   5444 |   5020 |    424 |   1825 |   2608 |   5 | 1088.8 |
               +--------+--------+--------+--------+--------+-----+--------+

Top non-repeatable levels by time:
     D:3: 1614 daAuts
     D:2: 1247 daAuts
     D:1: 1237 daAuts
     D:4: 1110 daAuts
     D:5: 235 daAuts
